 Dungeon Crawl Stone Soup version 0.16-a0-3187-geb38783 (webtiles) character file.

6828 PolkaDot the Summoner (level 10, -1/82 HPs)
             Began as a Vampire Summoner on Dec 17, 2014.
             Was a Priest of Sif Muna.
             Slain by a blink frog (16 damage)
             ... on level 9 of the Dungeon.
             The game lasted 00:48:53 (10502 turns).

PolkaDot the Summoner (Vampire Summoner)           Turns: 10502, Time: 00:48:53

Health: -1/82      AC:  8    Str:  7    XL:     10   Next: 77%
Magic:  1/16       EV: 16    Int: 20    God:    Sif Muna [***...]
Gold:   823        SH:  0    Dex: 17    Spells: 4 memorised, 3 levels left

rFire  + . .     SeeInvis +     a - +0 lajatang
rCold  . . .     Clarity  .     u - +2 robe {rN+}
rNeg   + . .     SustAb   .     (no shield)
rPois  .         Gourm    .     (no helmet)
rElec  .         Spirit   .     p - +2 cloak
rCorr  .         Warding  .     (no gloves)
rMut   .         Stasis   .     k - +0 pair of boots
MR     +....                    e - amulet of faith
Stlth  +++.......               F - +3 ring of dexterity
                                i - ring of protection from fire

@: very slightly contaminated, regenerating very quickly, somewhat resistant to
hostile enchantments, fairly stealthy
A: bottle blood, fangs 3, see invisible, spit poison 1, unbreathing
a: Spit Poison, Channel Energy, Forget Spell, Renounce Religion


You were on level 9 of the Dungeon.
You worshipped Sif Muna.
Sif Muna was most pleased with you.
You were almost alive.

You visited 3 branches of the dungeon, and saw 11 of its levels.
You also visited: Ossuary.

You collected 823 gold pieces.

Inventory:

Hand weapons
 a - a +0 lajatang (weapon)
Missiles
 G - a throwing net (quivered)
Armour
 k - a +0 pair of boots (worn)
 p - a +2 cloak (worn)
 u - a +2 robe of positive energy (worn)
Jewellery
 e - an amulet of faith (around neck)
 i - a ring of protection from fire (left hand)
 n - an uncursed ring of teleportation
 A - an uncursed amulet of regeneration
 F - a +3 ring of dexterity (right hand)
Magical devices
 l - a wand of fire (0)
 o - a wand of draining (0)
 z - a wand of flame (20)
 B - a wand of paralysis (7)
 C - a wand of teleportation (5)
 D - a wand of heal wounds (0)
 E - a wand of polymorph (8)
Scrolls
 d - 3 scrolls of magic mapping
 g - 5 scrolls of remove curse
 h - 5 scrolls of teleportation
 j - 2 scrolls of recharging
 q - a scroll of fear {unknown}
 v - a scroll of enchant weapon {unknown}
 w - a scroll of noise {unknown}
 y - a scroll of immolation {unknown}
 I - a scroll of amnesia {unknown}
 J - a scroll of enchant armour {unknown}
 K - a scroll of identify
Potions
 c - a potion of cancellation
 f - 12 potions of blood {@*1}
 s - 2 potions of restore abilities
 t - a potion of haste
 x - 2 potions of ambrosia
Books
 b - a book of Callings

   Spells                             Type                      Level
   a - Summon Small Mammal            Summoning                    1
   b - Call Imp                       Summoning                    2
   c - Call Canine Familiar           Summoning                    3
   d - Summon Guardian Golem          Hexes/Summoning              4
   e - Summon Lightning Spire         Summoning/Air                4
   f - Summon Ice Beast               Ice/Summoning                4
Miscellaneous
 H - a crystal ball of energy


   Skills:
 - Level 8.4 Fighting
 * Level 7.0 Staves
 + Level 6.6 Dodging
 - Level 3.0 Stealth
 - Level 2.0 Spellcasting
 + Level 8.6 Summonings
 - Level 5.2 Ice Magic


You had 3 spell levels left.
You knew the following spells:

 Your Spells              Type           Power        Failure   Level  Hunger
d - Call Canine Familiar  Summ           #####...     1%          3    ###....
i - Summon Ice Beast      Ice/Summ       ####....     12%         4    #####..
s - Call Imp              Summ           #####...     1%          2    ##.....
z - Summon Small Mammal   Summ           ####         1%          1    #......


Dungeon Overview and Level Annotations

Branches:
Dungeon (9/15)             Temple (1/1) D:4            Lair (1/8) D:9
    Orc: D:9-12

Altars:
Ashenzari
Cheibriados
Dithmenos
Elyvilon
Fedhas
Gozag
Kikubaaqudgha
Makhleb
Nemelex Xobeh
Okawaru
Qazlal
Ru
Sif Muna
Trog
Vehumet
Xom
Yredelemnul
Zin
The Shining One
Beogh

Annotations:
D:6 runed door


Innate Abilities, Weirdness & Mutations

Your natural rate of healing is extremely fast.
You can bottle blood from corpses.
You have razor-sharp teeth.
You have supernaturally acute eyesight.
You can survive without breathing.
You can spit poison.


Message History

A chill wind blows around you.
* * * LOW MAGIC WARNING * * *
Drink which item? (? for menu, Esc to quit)
You feel better. The blink frog misses you.
Use which ability? (? or * to list)
You channel some magical energy.
You feel somewhat less full. The blink frog misses you.
The blink frog hits you!
* * * LOW HITPOINT WARNING * * *
Your ice beast hits the blink frog.
Your ice beast freezes the blink frog!
Casting: Summon Ice Beast
Confirm with . or Enter, or press ? or * to list all spells.
* * * LOW MAGIC WARNING * * *
The blink frog hits you!
* * * LOW HITPOINT WARNING * * *
Your ice beast completely misses the blink frog.
Use which ability? (? or * to list)
You channel some magical energy.
You feel somewhat less full.
The blink frog hits you but does no damage.
The blink frog hits you!
You die...

####... ########### #########
#..'... #.........# #...#...#
#.##...
#.........######)###.#####(##...
#.........'....#.#.....#...##...
#.........####.#.#####.#.####...
#.........# #.'...^.#.+..# #...
######'#### ###F.F.......# ####
#....# #@Y.≈≈§§....# ## #.####
#.h≈≈§≈≈§...# #. ##'####
#..≈§§§§§...#####' #.....#
#..§≈.§.§≈..##.... #.....#
#..≈≈≈..≈≈..##.... #.....#
######...≈≈§≈.≈..##....
#.....###.......%..≈≈≈....'....
#<....'...####...........##.=.<
#.....##### #.#.#####...##)...


You could see 2 blink frogs, a friendly ice beast and a friendly hound.

Vanquished Creatures
  A fire drake (D:9)
  A deep elf mage (D:9)
  2 hungry ghosts
  Eustachio (D:8)
  A wolf (D:8)
  4 yaks (D:9)
  Edmund (D:4)
  An eye of draining (D:9)
  7 orc warriors
  2 black bears
  3 ogres
  Duvessa (D:4)
  6 giant frogs
  A water moccasin zombie (D:9)
  3 killer bees
  3 scorpions
  2 jellies
  3 wights (D:8)
  A goliath beetle (D:6)
  5 hounds
  2 giant frog skeletons
  3 iguanas
  3 orc wizards
  2 orc priests
  7 worker ants
  Natasha (thrice) (D:6)
  A killer bee zombie (D:8)
  2 hound skeletons
  2 mummies (Ossuary)
  3 gnolls (D:5)
  9 adders
  2 giant mites (D:6)
  2 shadow imps
  A worm (D:6)
  7 giant geckos
  An ooze (D:3)
  47 orcs
  5 bats
  2 bat skeletons
  A bat zombie (D:6)
  11 goblins
  13 hobgoblins
  23 jackals
  14 kobolds
  5 quokkas
  A ball python (D:2)
  5 giant cockroaches
  8 giant newts
  A gnoll zombie (Ossuary)
  2 orc skeletons (D:4)
  An orc zombie (Ossuary)
  11 rats
249 creatures vanquished.

Vanquished Creatures (collateral kills)
  A centaur warrior (D:8)
  Pikel (D:6)
  2 yaks (D:9)
  Grum (D:8)
  3 wolves (D:8)
  A water moccasin (D:9)
  2 orc warriors
  An ogre (D:4)
  2 slaves (D:6)
  2 centaurs (D:8)
  An elf skeleton (D:4)
  A giant frog (D:9)
  4 wights (D:6)
  15 killer bees
  A goliath beetle (D:6)
  Dowan (D:4)
  2 human zombies (D:4)
  2 jellies
  Crazy Yiuf (D:6)
  A gnoll shaman (D:5)
  2 worker ants (D:6)
  2 orc wizards
  6 mummies (Ossuary)
  A gnoll (D:5)
  4 giant mites (D:6)
  A white imp (D:8)
  A worm (D:2)
  A giant gecko (D:2)
  11 orcs
  A bat (D:8)
  A bat skeleton (D:5)
  A bat zombie (D:8)
  2 gnoll zombies (Ossuary)
  3 hobgoblins
  2 quokkas
  2 giant cockroaches (D:6)
  A giant newt (D:1)
  3 hobgoblin zombies (Ossuary)
  2 kobolds
  2 orc zombies
  A quokka skeleton (D:4)
  A rat (D:5)
  A butterfly (D:6)
97 creatures vanquished.

Vanquished Creatures (others)
  A wolf (D:8)
  A slave (D:6)
  14 ice beasts
  7 crimson imps
  17 hounds
  A shadow imp (D:4)
  4 white imps
  2 bats
  2 jackals (D:6)
  3 quokkas
  A giant spore (D:8)
  A kobold (D:6)
  A rat (Ossuary)
55 creatures vanquished.

Grand Total: 401 creatures vanquished

Notes
Turn   | Place    | Note
--------------------------------------------------------------
     0 | D:1      | PolkaDot, the Vampire Summoner, began the quest for the Orb.
     0 | D:1      | Reached XP level 1. HP: 13/13 MP: 3/3
    62 | D:1      | Reached skill level 1 in Fighting
   252 | D:1      | Reached XP level 2. HP: 18/21 MP: 4/4
   259 | D:1      | Learned a level 2 spell: Call Imp
  1132 | D:2      | Reached XP level 3. HP: 28/28 MP: 6/6
  1243 | D:2      | Learned a level 3 spell: Call Canine Familiar
  1929 | D:3      | Reached XP level 4. HP: 28/35 MP: 0/7
  2149 | D:3      | Found a blossoming altar of Fedhas.
  2162 | D:3      | Found a radiant altar of Vehumet.
  2366 | D:3      | Found an opulent altar of Gozag.
  2433 | D:3      | Reached XP level 5. HP: 29/42 MP: 9/9
  2691 | D:4      | Found a staircase to the Ecumenical Temple.
  2703 | Temple   | Entered the Ecumenical Temple
  2855 | D:4      | Found a stormy altar of Qazlal.
  2933 | D:4      | Found a sand-covered staircase.
  2946 | Ossuary  | Entered an ossuary
  2961 | Ossuary  | Reached skill level 5 in Fighting
  3049 | Ossuary  | Reached XP level 6. HP: 6/51 MP: 5/10
  3084 | Ossuary  | HP: 1/51 [mummy (13)]
  3418 | D:4      | Reached skill level 6 in Fighting
  3430 | D:4      | Noticed Edmund
  3454 | D:4      | Killed Edmund
  3454 | D:4      | Reached XP level 7. HP: 32/59 MP: 0/12
  3648 | D:4      | Learned a level 4 spell: Summon Ice Beast
  3758 | D:4      | Noticed an ogre
  3767 | D:4      | Killed an ogre
  3767 | D:4      | Reached skill level 7 in Fighting
  3939 | D:4      | Noticed Duvessa
  3939 | D:4      | Noticed Dowan
  3960 | D:4      | Killed Duvessa
  3960 | D:4      | Killed Dowan
  4254 | D:5      | Entered Level 5 of the Dungeon
  4267 | D:5      | Found a glowing golden altar of the Shining One.
  4275 | D:5      | Found a white marble altar of Elyvilon.
  4275 | D:5      | Found a glowing silver altar of Zin.
  4718 | D:5      | Reached skill level 8 in Fighting
  4718 | D:5      | Reached XP level 8. HP: 64/68 MP: 13/13
  4734 | D:5      | Reached skill level 5 in Summonings
  5160 | D:5      | Found a deep blue altar of Sif Muna.
  5163 | D:5      | Became a worshipper of Sif Muna the Loreminder
  5242 | D:6      | Reached skill level 1 in Ice Magic
  5655 | D:6      | Found a shadowy altar of Dithmenos.
  5750 | D:6      | Noticed Natasha
  5762 | D:6      | Killed Natasha
  5762 | D:6      | Acquired Sif Muna's first power
  5770 | D:6      | Noticed Natasha
  5775 | D:6      | Killed Natasha
  5970 | D:6      | Found a runed door.
  5986 | D:6      | Found a runed door.
  6097 | D:6      | Noticed Natasha
  6101 | D:6      | Killed Natasha
  6105 | D:6      | Noticed Pikel
  6106 | D:6      | Noticed Crazy Yiuf
  6134 | D:6      | Killed Pikel
  6134 | D:6      | Reached skill level 1 in Staves
  6136 | D:6      | Killed Crazy Yiuf
  6297 | D:6      | Acquired Sif Muna's second power
  6307 | D:6      | Reached XP level 9. HP: 75/75 MP: 14/14
  6846 | D:6      | Reached skill level 5 in Ice Magic
  8665 | D:8      | Noticed a centaur warrior
  8677 | D:8      | Killed a centaur warrior
  8856 | D:8      | Noticed Eustachio
  8894 | D:8      | Killed Eustachio
  8895 | D:8      | Noticed Grum
  8899 | D:8      | Reached XP level 10. HP: 45/82 MP: 3/16
  8901 | D:8      | Reached skill level 5 in Staves
  8908 | D:8      | Killed Grum
  8908 | D:8      | Reached skill level 5 in Dodging
  8954 | D:8      | Found a shimmering altar of Xom.
  9546 | D:9      | Found a staircase to the Lair.
  9829 | D:9      | Gained mutation: Potions and wands are less effective at restoring your health. [potion of mutation]
  9829 | D:9      | Gained mutation: You can spit poison. [potion of mutation]
  9829 | D:9      | Lost mutation: Potions and wands are less effective at restoring your health. [potion of mutation]
  9891 | D:9      | Found a roughly hewn altar of Beogh.
 10154 | D:9      | Found a deep blue altar of Sif Muna.
 10155 | D:9      | Found a snail-covered altar of Cheibriados.
 10484 | Lair:1   | Entered Level 1 of the Lair of Beasts
 10502 | D:9      | Slain by a blink frog

Action                   |  1- 3 |  4- 6 |  7- 9 | 10-12 || total
-------------------------+-------+-------+-------+-------++-------
Melee: Dagger            |   109 |       |       |       ||   109
       Unarmed           |    12 |       |       |       ||    12
       Short sword       |    35 |   166 |   272 |       ||   473
       Lajatang          |       |       |   284 |   204 ||   488
 Cast: Summon Small Mamm |     8 |     1 |     9 |       ||    18
       Call Imp          |    10 |     5 |    29 |       ||    44
       Call Canine Famil |       |    10 |    27 |     8 ||    45
       Summon Ice Beast  |       |       |    32 |    24 ||    56
Invok: Channel Energy    |       |       |    66 |    21 ||    87
 Abil: Spit Poison       |       |       |       |     1 ||     1
Evoke: Wand              |       |     6 |     4 |     5 ||    15
  Use: Potion            |     4 |    19 |    63 |    17 ||   103
       Scroll            |     1 |     5 |    11 |     1 ||    18
 Stab: Sleeping          |     3 |     8 |     9 |     3 ||    23
       Distracted        |     2 |     3 |     3 |       ||     8
  Eat: Corpse            |    14 |     1 |       |     4 ||    19
